% Time on Ice - ANCHORAGE ACES
Lines # - Real PCT - Wanted PCT - Time Play
Normal Forward
1 - 35% - 36% - 15:59
2 - 32% - 33% - 14:33
3 - 31% - 28% - 14:04
4 - 2% - 3% - 0:47
Normal Defense
1 - 30% - 36% - 13:29
2 - 32% - 31% - 14:43
3 - 27% - 23% - 12:18
4 - 11% - 10% - 4:53
PP Forward
1 - 46% - 55% - 3:40
2 - 54% - 45% - 4:16
PP Defense
1 - 60% - 55% - 4:44
2 - 40% - 45% - 3:12
PK Forward
1 - 54% - 55% - 3:12
2 - 46% - 45% - 2:45
PK Defense
1 - 40% - 55% - 2:23
2 - 60% - 45% - 3:34
PK3 Forward
1 - 0% - 55%
2 - 0% - 45%
PK3 Defense
1 - 0% - 55%
2 - 0% - 45%
44 Forward
1 - 0% - 55%
2 - 0% - 45%
44 Defense
1 - 0% - 55%
2 - 0% - 45%
Last Minute Offensive  - 0:00
Last Minute Defensive  - 0:44
Total
Forward - 60:00
Defense - 60:00
% Time on Ice - SASKATOON DUCKS
Lines # - Real PCT - Wanted PCT - Time Play
Normal Forward
1 - 33% - 40% - 15:03
2 - 30% - 37% - 13:45
3 - 20% - 18% - 9:06
4 - 16% - 5% - 7:19
Normal Defense
1 - 40% - 40% - 18:09
2 - 29% - 30% - 13:19
3 - 29% - 20% - 13:09
4 - 1% - 10% - 0:36
PP Forward
1 - 58% - 70% - 3:28
2 - 42% - 30% - 2:29
PP Defense
1 - 56% - 70% - 3:20
2 - 44% - 30% - 2:37
PK Forward
1 - 53% - 55% - 4:10
2 - 47% - 45% - 3:46
PK Defense
1 - 57% - 55% - 4:33
2 - 43% - 45% - 3:23
PK3 Forward
1 - 0% - 55%
2 - 0% - 45%
PK3 Defense
1 - 0% - 55%
2 - 0% - 45%
44 Forward
1 - 0% - 55%
2 - 0% - 45%
44 Defense
1 - 0% - 55%
2 - 0% - 45%
Last Minute Offensive  - 0:54
Last Minute Defensive  - 0:00
Total
Forward - 60:00
Defense - 60:00
Play-by-Play 1st period 0:01 of 1st period - Sidney Crosby wins face-off versus Connor McDavid in neutral zone. 0:30 of 1st period - Shot by Sidney Crosby. 0:30 of 1st period - Goal by Sidney Crosby - ANCHORAGE ACES : 0 - SASKATOON DUCKS : 1. 0:31 of 1st period - Phillip Danault wins face-off versus Ryan Strome in neutral zone. 1:26 of 1st period - Shot by Jani Hakanpaa. 1:26 of 1st period - Shot Blocked by Jake Sanderson. 1:51 of 1st period - Icing by Jani Hakanpaa. 1:52 of 1st period - Sidney Crosby wins face-off versus Erik Haula in ANCHORAGE ACES zone. 3:39 of 1st period - Shot by Connor McDavid. 3:39 of 1st period - Shot Misses the Net. 3:41 of 1st period - Shot by Yegor Sharangovich. 3:41 of 1st period - Deflect By Nathan MacKinnon. 3:41 of 1st period - Shot Misses the Net. 4:24 of 1st period - Minor Penalty to Phillip Danault for Interference. 4:25 of 1st period - Sidney Crosby wins face-off versus Erik Haula in ANCHORAGE ACES zone. 4:26 of 1st period - Shot by Jake Sanderson. 4:26 of 1st period - Shot Misses the Net. 4:28 of 1st period - Shot by Roman Josi. 4:28 of 1st period - Stopped by Darcy Kuemper without a rebound. 4:29 of 1st period - Erik Haula wins face-off versus Sidney Crosby in ANCHORAGE ACES zone. 4:44 of 1st period - Nathan MacKinnon is hit by Jason Zucker and loses puck. 4:57 of 1st period - Shot by Sidney Crosby. 4:57 of 1st period - Stopped by Darcy Kuemper without a rebound. 4:58 of 1st period - Ryan Strome wins face-off versus Erik Haula in ANCHORAGE ACES zone. 5:13 of 1st period - Shot by Brent Burns. 5:13 of 1st period - Stopped by Darcy Kuemper without a rebound. 5:14 of 1st period - Conor Sheary wins face-off versus Artemi Panarin in ANCHORAGE ACES zone. 5:39 of 1st period - Shot by Roman Josi. 5:39 of 1st period - Shot Blocked by Filip Hronek. 6:33 of 1st period - Shot by Nils Aman. 6:33 of 1st period - Shot Misses the Net. 6:43 of 1st period - Shot by Nils Aman. 6:43 of 1st period - Shot Misses the Net. 7:57 of 1st period - Minor Penalty to Jani Hakanpaa for Holding. 7:58 of 1st period - Sidney Crosby wins face-off versus Phillip Danault in ANCHORAGE ACES zone. 8:23 of 1st period - Shot by Sidney Crosby. 8:23 of 1st period - Shot Blocked by Jakob Chychrun. 8:25 of 1st period - Shot by Brent Burns. 8:25 of 1st period - Stopped by Darcy Kuemper without a rebound. 8:26 of 1st period - Nathan MacKinnon wins face-off versus Ryan Strome in ANCHORAGE ACES zone. 8:45 of 1st period - Shot by Roman Josi. 8:45 of 1st period - Stopped by Darcy Kuemper with a rebound. 9:51 of 1st period - Shot by Brent Burns. 9:51 of 1st period - Shot Misses the Net. 10:00 of 1st period - Minor Penalty to Milan Lucic for Slashing. 10:01 of 1st period - Connor McDavid wins face-off versus Paul Stastny in SASKATOON DUCKS zone. 10:08 of 1st period - Shot by Connor McDavid. 10:08 of 1st period - Stopped by Tristan Jarry with a rebound. 10:10 of 1st period - Shot by Ryan Pulock. 10:10 of 1st period - Stopped by Tristan Jarry with a rebound. 10:12 of 1st period - Shot by Ryan Pulock. 10:12 of 1st period - Shot Blocked by Jaycob Megna. 10:14 of 1st period - Shot by Nikolaj Ehlers. 10:14 of 1st period - Stopped by Tristan Jarry without a rebound. 10:15 of 1st period - Connor McDavid wins face-off versus Paul Stastny in SASKATOON DUCKS zone. 10:38 of 1st period - Shot by Connor McDavid. 10:38 of 1st period - Shot Misses the Net. 11:44 of 1st period - Shot by Mathieu Joseph. 11:44 of 1st period - Shot Misses the Net. 12:01 of 1st period - Minor Penalty to Ivan Barbashev for Holding. 12:02 of 1st period - Phillip Danault wins face-off versus Ryan Strome in SASKATOON DUCKS zone. 12:55 of 1st period - Shot by Nathan MacKinnon. 12:55 of 1st period - Stopped by Tristan Jarry without a rebound. 12:56 of 1st period - Ryan Strome wins face-off versus Connor McDavid in SASKATOON DUCKS zone. 13:05 of 1st period - Shot by Connor McDavid. 13:05 of 1st period - Stopped by Tristan Jarry without a rebound. 13:06 of 1st period - Ryan Strome wins face-off versus Connor McDavid in SASKATOON DUCKS zone. 14:15 of 1st period - Shot by Sidney Crosby. 14:15 of 1st period - Shot Misses the Net. 14:17 of 1st period - Shot by Roman Josi. 14:17 of 1st period - Shot Blocked by Jani Hakanpaa. 14:30 of 1st period - Shot by Sidney Crosby. 14:30 of 1st period - Shot Blocked by Connor McDavid. 14:34 of 1st period - Shot by Sidney Crosby. 14:34 of 1st period - Stopped by Darcy Kuemper without a rebound. 14:35 of 1st period - Erik Haula wins face-off versus Nils Aman in ANCHORAGE ACES zone. 14:46 of 1st period - Shot by Chris Kreider. 14:46 of 1st period - Stopped by Tristan Jarry without a rebound. 14:47 of 1st period - Paul Stastny wins face-off versus Nikolaj Ehlers in SASKATOON DUCKS zone. 15:18 of 1st period - Shot by Nikolaj Ehlers. 15:18 of 1st period - Stopped by Tristan Jarry without a rebound. 15:19 of 1st period - Sheldon Dries wins face-off versus Ryan Strome in SASKATOON DUCKS zone. 15:20 of 1st period - Shot by E